 Dungeon Crawl Stone Soup version 0.31.0-4-g52a2dc7128 (webtiles) character file.

Game seed: 10397891065348339908

138 Esekla the Magician (level 5, 0/29 HPs)
             Began as a Deep Elf Warper on Jan 22, 2024.
             Was an Initiate of Sif Muna.
             Slain by a water moccasin zombie (4 damage)
             ... in an ossuary.
             The game lasted 00:12:44 (1114 turns).

Esekla the Magician (Deep Elf Warper)               Turns: 1114, Time: 00:12:44

Health: 0/29       AC:  4    Str:  8    XL:     5   Next: 1%
Magic:  12/12      EV: 12    Int: 20    God:    Sif Muna [......]
Gold:   87         SH:  0    Dex: 14    Spells: 4/11 levels left

rFire   . . .        a - +0 falchion
rCold   . . .        (no shield)
rNeg    . . .        b - +0 leather armour
rPois   .            k - +0 helmet
rElec   .            (no cloak)
rCorr   .            (no gloves)
SInv    .            (no boots)
Will    .....        (no amulet)
Stlth   +            (no ring)
HPRegen 0.24/turn    (no ring)
MPRegen 0.13/turn

%: no passive effects
@: no status effects
A: no striking features
a: Renounce Religion


You were in an ossuary.
You worshipped Sif Muna.
Sif Muna was noncommittal.
You visited 2 branches of the dungeon, and saw 5 of its levels.
You also visited: Ossuary.

You collected 87 gold pieces.

Inventory:

Hand Weapons
 a - a +0 falchion (weapon)
 r - a +0 spear
 s - a +0 dagger
Missiles
 i - 6 boomerangs (quivered)
Armour
 b - a +0 leather armour (worn)
 e - a +0 pair of boots
 k - a +0 helmet (worn)
Scrolls
 d - a scroll of poison {unknown}
 f - 2 scrolls of identify
 g - a scroll of fear {unknown}
Potions
 h - 2 potions of mutation


   Skills:
 - Level 1.5 Fighting
 + Level 2.2 Long Blades
 + Level 1.4 Throwing
 + Level 1.0 Armour
 * Level 3.5 Dodging
 + Level 0.3 Stealth
 * Level 3.9 Spellcasting
 * Level 1.0 Conjurations
 + Level 3.7 Translocations
 * Level 1.3 Air Magic
 * Level 1.4 Alchemy


You had 4 spell levels left.
You knew the following spells:

 Your Spells              Type           Power      Damage    Failure   Level
b - Blink                 Tloc           36%        N/A       6%          2
c - Mephitic Cloud        Conj/Alch/Air  9%         N/A       32%         3
v - Mercury Vapours       Alch/Air       18%        N/A       16%         2

Your spell library contained the following spells:

 Spells                   Type           Power      Damage    Failure   Level
 Lesser Beckoning         Tloc           36%        N/A       6%          2
 Teleport Other           Tloc           18%        N/A       12%         3
 Manifold Assault         Tloc           18%        N/A       36%         4
 Vhi's Electric Charge    Tloc/Air       28%        N/A       54%         4
 Freezing Cloud           Conj/Ice/Air   3%         6-21      98%         5


Dungeon Overview and Level Annotations

Branches:
Dungeon (5/15)             Temple (1/1) D:5         Ossuary (1/1)

Altars:
Cheibriados
Gozag
Kikubaaqudgha
Okawaru
Ru
Sif Muna
The Shining One
Lugonu


Message History

You open the door.
There is an empty arch of ancient stone here.
The gnoll zombie closely misses you. The gnoll zombie barely misses you.
The gnoll zombie hits you but does no damage.
Things that are here:
a +0 dagger; a +0 robe Blink to where?
Press: ? - help, Dir - move target
As you read the scroll of blinking, it crumbles to dust.
The gnoll zombie barely misses you.
The water moccasin zombie barely misses you.
The water moccasin zombie barely misses you.
There is an open door here.
The water moccasin zombie barely misses you.
The crocodile zombie bites you.
The crocodile zombie attacks as it pursues you!
The crocodile zombie closely misses you.
The crocodile zombie attacks as it pursues you!
The crocodile zombie closely misses you.
You open the door.
The water moccasin zombie closely misses you.
The crocodile zombie bites you! The water moccasin zombie bites you.
There is an open door here.
You hit the jackal zombie.
The jackal zombie is severely damaged.
The jackal zombie bites you.
You hit the jackal zombie.
You destroy the jackal zombie!
Sif Muna accepts your kill. The water moccasin zombie bites you.
* * * LOW HITPOINT WARNING * * *
The water moccasin zombie attacks as it pursues you!
The water moccasin zombie bites you.
* * * LOW HITPOINT WARNING * * *
The water moccasin zombie attacks as it pursues you!
The water moccasin zombie misses you.
The water moccasin zombie attacks as it pursues you!
The water moccasin zombie bites you.
You die...

###+#
#..@#
#..Z#
#...#
#...#
#Z###
#Z..#
#...#
#Z..#
#...#


You could see a water moccasin zombie, a crocodile zombie and 2 gnoll zombies.

Vanquished Creatures
  A scorpion (D:5)
  A burial acolyte (Ossuary)
  A dart slug (D:2)
  A ball python (D:2)
  3 endoplasms
  2 giant cockroaches (D:1)
  3 goblins
  5 hobgoblins
  2 jackals (D:2)
  2 kobolds (D:1)
  A bat (D:2)
  A jackal zombie (Ossuary)
  A rat (D:2)
24 creatures vanquished.

Notes
Turn   | Place    | Note
-------+----------+-------------------------------------------
     0 | D:1      | Esekla the Deep Elf Warper began the quest for the Orb.
     0 | D:1      | Reached XP level 1. HP: 12/12 MP: 6/6
   163 | D:2      | Reached XP level 2. HP: 16/16 MP: 8/8
   285 | D:2      | Learned a level 2 spell: Mercury Vapours
   288 | D:2      | Learned a level 2 spell: Blink
   681 | D:2      | You fall into a shaft and drop 2 floors!
   765 | D:5      | Entered Level 5 of the Dungeon
   794 | D:5      | Noticed a howler monkey
   800 | D:5      | Noticed a scorpion
   810 | D:5      | Killed a scorpion
   811 | D:5      | Reached skill level 1 in Armour
   811 | D:5      | Reached skill level 1 in Air Magic
   811 | D:5      | Reached skill level 1 in Alchemy
   811 | D:5      | Reached XP level 3. HP: 13/20 MP: 5/10
   811 | D:5      | Reached XP level 4. HP: 17/25 MP: 5/11
   815 | D:5      | Learned a level 3 spell: Mephitic Cloud
   896 | D:5      | Found a staircase to the Ecumenical Temple.
   905 | Temple   | Entered the Ecumenical Temple
   923 | Temple   | Became a worshipper of Sif Muna the Loreminder
   953 | D:5      | Found a sand-covered staircase.
   983 | Ossuary  | Entered an ossuary
   998 | Ossuary  | Reached skill level 1 in Conjurations
   998 | Ossuary  | Reached XP level 5. HP: 10/29 MP: 4/12
  1114 | Ossuary  | Slain by a water moccasin zombie

Illustrated notes

Levels and vault maps discovered:
D:1:      lightli_iron_boxes, layout_rooms, serial_shops, shop
D:2:      layout_rooms, uniq_natasha
D:4:      layout_basic, grunt_decor_one_mirror, nicolae_eternal_life,
          chequers_serial_rivers_micro_d, chequers_serial_rivers_micro_b,
          kennysheep_pointless_box, hex_intersection, moated_statue,
          uniq_blork_the_orc
D:5:      layout_loops_ring, gammafunk_temple_overflow_wave,
          minmay_temple_entry_proselytizer, gup_sewer_entry_bubbles,
          gup_ossuary_entry_pyramid
Temple:   corrupted_temple
Ossuary:  ossuary_tomb_2

Skill      XL: |  1  2  3  4 |
---------------+-------------+-----
Dodging        | 3 |  3.5
Long Blades    | 2 |  2.2
Armour         | 1 |  1.0
Air Magic      | 1 |  1.3
Alchemy        | 1 |  1.4
Conjurations   | 1 |  1.0
Fighting       | |  1.5
Throwing       | |  1.4
Stealth        | |  0.3
Spellcasting   | |  3.9
Translocations | |  3.7

Action                     |  1- 3 |  4- 6 || total
---------------------------+-------+-------++-------
  Melee: Falchion          |    69 |     4 ||    73
  Throw: Dart              |     7 |       ||     7
         Boomerang         |     1 |       ||     1
   Cast: Mercury Vapours   |    10 |     3 ||    13
         Blink             |     1 |     1 ||     2
    Use: Scroll            |       |     3 ||     3
         Potion            |       |     1 ||     1
 Armour: Leather armour    |    50 |    11 ||    61
  Dodge: Dodged            |    56 |    13 ||    69
